 Dungeon Crawl Stone Soup version 0.29-a0-837-g174bc33265 (webtiles) character file.

Game seed: 4127474737149980567

87824 Essalna the Warrior (level 16, -3/124 (132) HPs)
             Began as a Djinni Conjurer on July 12, 2022.
             Was the Champion of Makhleb.
             Shot with a bolt by an orc knight (14 damage)
             ... on level 2 of the Orcish Mines on July 13, 2022.
             The game lasted 01:01:50 (26422 turns).

Essalna the Warrior (Djinni Conjurer)              Turns: 26422, Time: 01:01:51

HP:   -3/124 (132)  AC: 14    Str:  6    XL:     16   Next: 38%
Gold: 2146          EV: 15    Int: 43    God:    Makhleb [******] SH:  5 Dex: 12

rFire   + + +      SeeInvis .   p - +6 dagger "Xuppoom" {freeze, rF+ rC+ Int+3}
rCold   + . .      Faith    .   Z - +0 buckler
rNeg    . . .      Spirit   .   M - +2 robe {rC+ rF+}
rPois   ∞          Reflect  .   I - +2 helmet
rElec   .          Harm     .   z - +2 cloak
rCorr   .          Rampage  .   E - +2 pair of gloves
Will    +....                   (boots unavailable)
Stlth   ++........              K - amulet of regeneration
HPRegen 1.10/turn               Q - +6 ring of intelligence
MPRegen 0.00/turn               D - +6 ring of intelligence

@: flying, drained
A: sickness immunity, fire resistance 2, cold vulnerability 1, float, innate
caster, HP casting, extra vitality 1
a: Renounce Religion, Minor Destruction, Lesser Servant of Makhleb, Major
Destruction, Greater Servant of Makhleb


You were on level 2 of the Orcish Mines.
You worshipped Makhleb.
Makhleb was exalted by your worship.
You visited 4 branches of the dungeon, and saw 21 of its levels.
You also visited: Gauntlet.

You collected 2146 gold pieces.

Inventory:

Hand Weapons
 p - the +6 dagger "Xuppoom" (weapon) {freeze, rF+ rC+ Int+3}
   (You found it in a Gauntlet)

   It freezes those it strikes, dealing additional cold damage.
   It can also slow down cold-blooded creatures.
   Int:       It affects your intelligence (+3).
   rF:        It protects you from fire.
   rC:        It protects you from cold.
 L - a +2 whip of electrocution
Missiles
 n - a throwing net
Armour
 e - a +0 troll leather armour
 z - a +2 cloak (worn)
 E - a +2 pair of gloves (worn)
 I - a +2 helmet (worn)
 M - a +2 robe of resistance (worn)
 Z - a +0 buckler (worn)
Magical Staves
 N - a staff of cold
Jewellery
 d - a +4 ring of protection
 m - a ring of positive energy
 u - a ring of ice
 D - a +6 ring of intelligence (right hand)
 K - an amulet of regeneration (around neck)
 Q - a +6 ring of intelligence (left hand)
 V - a ring of wizardry
 W - a ring of see invisible
 X - a ring of resist corrosion
Wands
 k - a wand of light (6)
 F - a wand of digging (7)
 H - a wand of roots (9)
Scrolls
 a - 5 scrolls of amnesia {unknown}
 j - 8 scrolls of fog
 l - a scroll of blinking
 o - 2 scrolls of enchant weapon
 q - 4 scrolls of identify
 r - 2 scrolls of vulnerability
 s - 5 scrolls of poison
 v - 7 scrolls of noise
 x - 2 scrolls of summoning
 y - 6 scrolls of teleportation
 G - 4 scrolls of magic mapping
 J - 2 scrolls of enchant armour
 O - 3 scrolls of torment {unknown}
 T - 3 scrolls of silence
Potions
 b - 4 potions of heal wounds
 c - a potion of degeneration
 f - 3 potions of might
 g - 3 potions of haste
 h - 2 potions of ambrosia
 i - 2 potions of resistance
 t - 9 potions of curing
 w - 5 potions of brilliance
 A - 3 potions of mutation
 B - 2 potions of cancellation
 C - 6 potions of flight {unknown}
 P - a potion of magic
 S - 3 potions of attraction {unknown}
 U - 2 potions of berserk rage


   Skills:
 + Level 17.7 Fighting
 + Level 8.2 Armour
 + Level 9.3 Dodging
 - Level 1.5 Stealth
 - Level 4.0 Shields
 + Level 16.0 Spellcasting


You had 8 spell levels left.
You knew the following spells:

 Your Spells              Type           Power      Damage    Failure   Level
a - Magic Dart            Conj           100%       1d8       0%          1
b - Searing Ray           Conj           100%       2d8       0%          2
c - Dazzling Flash        Conj/Hex       100%       N/A       0%          3
d - Fulminant Prism       Conj/Hex       53%        3d23      0%          4
e - Iskenderun's Mystic   Conj/Tloc      100%       2d19      0%          4
f - Freeze                Ice            100%       1d11      0%          1
g - Call Imp              Summ           100%       N/A       0%          2
h - Passwall              Tmut/Erth      89%        N/A       0%          2
i - Flame Wave            Conj/Fire      100%       2d17      0%          4
j - Manifold Assault      Tloc           100%       N/A       1%          5
k - Silence               Hex/Air        53%        N/A       1%          5
l - Conjure Ball Lightni  Conj/Air       53%        3x3d18    1%          6
Your spell library was empty.

Dungeon Overview and Level Annotations

Branches:
Dungeon (12/15)            Temple (1/1) D:6            Lair (6/6) D:9
  Swamp (0/4) Lair:4        Snake (0/4) Lair:4        Slime (0/5) Lair:6
    Orc (2/2) D:12            Elf (0/3) Orc:2       Gauntlet (visited)

Altars:
Ashenzari
Cheibriados
Dithmenos
Elyvilon
Fedhas
Gozag
Makhleb
Nemelex Xobeh
Okawaru
Qazlal
Trog
Uskayaw
Wu Jian
Zin
The Shining One
Jiyva

Shops:
D:4 *   D:11 [   D:12 (   Orc:2 ((!

Portals:
Trove: D:10 (give 11 potions of heal wounds)

Annotations:
D:4 2 transporters


Innate Abilities, Weirdness & Mutations

You are immune to sickness and miasma.
You are immune to poison.
Your flesh is very heat resistant. (rF++)
You are vulnerable to cold. (rC-)
You float through the air rather than walking.
You learn spells naturally, not from books.
Your magical power is your life essence.
You have superior vitality. (+4 MHP)


Message History

Deactivating autopickup; reactivate with Ctrl-A.
The orc wizard mumbles some strange words.
The orc wizard flickers and vanishes!
An orc opens the door.
An orc priest comes into view. It is wielding a +0 dagger.
Found a roughly hewn altar of Beogh.
The orc priest shouts!
An orc comes into view.
It is wielding a +1 flail of protection.
An orc priest comes into view. It is wielding a +0 whip.
The orc shouts! x2
The orc priest moves out of view.
Casting: Iskenderun's Mystic Blast (safe; 0% risk of failure)
Confirm with . or Enter, or press ? or * to list all spells.
You erupt in a blast of force!
The mystic blast hits the orc priest.
The orc priest is moderately wounded.
The orc priest is knocked back by the mystic blast.
* * * LOW HITPOINT WARNING * * *
You hear a howl!
An orc sorcerer comes into view. It is wielding a +0 dagger.
The orc priest mumbles some strange prayers to Beogh against you.
Beogh smites you!
* * * LOW HITPOINT WARNING * * *
The orc sorcerer suddenly jeers.
The orc priest looks braver for a moment.
Casting: Iskenderun's Mystic Blast (safe; 0% risk of failure)
Confirm with . or Enter, or press ? or * to list all spells.
You don't know that spell.
Unknown command.
Unknown command.
As you read the scroll of fear, it crumbles to dust.
You assume a fearsome visage.
The orc priest looks frightened!
The orc looks frightened!
The orc priest looks frightened!
The orc looks frightened!
The orc sorcerer looks frightened!
The orc priest looks frightened!
The orc priest prays for help.
The orc yells, "Help!"
The orc knight shoots a bolt.
The bolt hits you.
* * * LOW HITPOINT WARNING * * *
The orc tries to recover its lost courage.
The orc knight shoots a bolt.
The bolt hits you!
You die...

,,,,*##*#...........,,,,,,,,,,<,,
,,,,*...#..o).#........,,,,,,,,,,
,,,,*_8.#o..∩.#.........,,,,,,,,,
,,..*...'...............,*,,,,,,,
,...#####...............**,,,,,,,
...................#....*,,,,,,,,
.....o..............#...**,,,,,,,
..........#.......$$...#,,*,,,*,,
................@.......,,,,,,,,,
.....................#.#,,,,,,,,,
.....o...........#...#***,,*,,,,,
................#.....# ***,,,*,,
#.................$..## **,**,,
....................## ***,,,
......#........#.#### ****,,,,
.....###...#..#### **,**,,,*
......#.....###***** *,,,,,,**


You could see an orc knight and an orc (fleeing).

Vanquished Creatures
  Frances (D:12)
  A minotaur (Gauntlet)
  Azrael (D:12)
  The ghost of Hoaxag the Arsonist, a journeyman DrTm of Sif Muna (Lair:3)
  2 fire dragons (Lair:6)
  Fannar (D:12)
  A vault guard (D:10)
  5 hydras
  2 two-headed ogres
  16 death yaks (Lair:5)
  Urug (Lair:2)
  Sonja (Lair:2)
  Amaemon (D:8)
  A death drake (Gauntlet)
  A sixfirhy (Gauntlet)
  A swamp dragon (Lair:6)
  Lodul (D:10)
  Pikel (D:5)
  2 lindwurms
  4 orc knights
  3 orc sorcerers
  2 wolf spiders (Lair:3)
  A cyclops (D:12)
  A worldbinder (Gauntlet)
  3 manticores
  3 spectral centaurs (Gauntlet)
  5 elephants (Lair:5)
  5 black mambas
  A centaur zombie (Gauntlet)
  6 gargoyles
  An orange demon (D:8)
  4 torpor snails
  Maggie (D:6)
  13 cane toads
  A kobold demonologist (D:12)
  20 rime drakes
  17 komodo dragons
  11 polar bears (Lair:6)
  4 trolls
  5 blink frogs
  2 raiju (Lair:6)
  16 dream sheep
  Sigmund (D:2)
  6 wyverns
  12 flying skulls (Gauntlet)
  A centaur simulacrum (Gauntlet)
  2 shadows
  A vampire (D:11)
  3 wraiths
  34 yaks
  7 basilisks
  3 fire elementals (D:12)
  9 steam dragons
  9 wargs
  A naga (Lair:4)
  6 vampire mosquitoes
  A redback simulacrum (Gauntlet)
  An acid dragon (D:11)
  16 hell hounds
  13 water moccasins
  3 swamp drakes (Lair:6)
  16 orc warriors
  3 sky beasts
  An ice beast (D:6)
  14 black bears
  2 boggarts (Gauntlet)
  17 ogres
  29 wolves
  2 centaurs
  A lemure (D:5)
  A phantom (D:5)
  2 kobold brigands (D:8)
  Blork the orc (D:5)
  20 bullfrogs
  2 necrophages
  A scorpion (D:4)
  A hornet simulacrum (Gauntlet)
  13 wights
  10 killer bees
  19 electric eels
  6 howler monkeys
  2 gnoll boudas (D:7)
  6 jellies
  Crazy Yiuf (D:3)
  12 orc priests
  11 iguanas
  Terence (D:3)
  Natasha (twice) (D:3)
  14 orc wizards
  Robin (D:3)
  12 gnolls
  8 adders
  2 white imps
  3 ufetubi
  A worm (D:2)
  9 dart slugs
  57 orcs
  7 endoplasms
  4 giant cockroaches
  13 goblins
  6 hobgoblins
  2 jackals (D:1)
  16 kobolds
  2 quokkas
  A ball python (D:2)
  4 bats
  A frilled lizard (D:1)
  4 rats
662 creatures vanquished.

Vanquished Creatures (others)
  A rime drake (Lair:6)
  15 ball lightnings
  4 demonic plants (Gauntlet)
  28 fungi
  106 plants
  A withered plant (D:6)
155 creatures vanquished.

Grand Total: 817 creatures vanquished

Notes
Turn   | Place    | Note
-------+----------+-------------------------------------------
     0 | D:1      | Essalna the Djinni Conjurer began the quest for the Orb.
     0 | D:1      | Essalna set off with the following spells memorised: Magic
                  | Dart, Searing Ray, Dazzling Flash, Fulminant Prism,
                  | Iskenderun's Mystic Blast.
     0 | D:1      | Reached XP level 1. HP: 15/15 MP: 0/0
   189 | D:1      | Reached XP level 2. HP: 19/22 MP: 0/0
   292 | D:1      | Found a faded altar of an unknown god.
   346 | D:1      | Reached skill level 1 in Fighting
  1002 | D:1      | Reached XP level 3. HP: 24/27 MP: 0/0
  1002 | D:1      | Learned a level 1 spell: Freeze
  1614 | D:2      | Noticed Sigmund
  1695 | D:2      | Reached skill level 2 in Fighting
  1852 | D:2      | Reached XP level 4. HP: 24/33 MP: 0/0
  1968 | D:2      | Identified the +7 rapier of Laejev {drain, rN+}
  2126 | D:2      | Identified the +10 hand axe "Foruewk" {distort, rElec
                  | Int+2}
  2146 | D:2      | Killed Sigmund
  2147 | D:2      | Reached skill level 3 in Fighting
  2147 | D:2      | Reached XP level 5. HP: 25/41 MP: 0/0
  2147 | D:2      | Learned a level 2 spell: Call Imp
  2147 | D:2      | Reached XP level 6. HP: 28/47 MP: 0/0
  2857 | D:2      | Reached skill level 4 in Fighting
  3565 | D:3      | Noticed Robin
  3581 | D:3      | Killed Robin
  3839 | D:3      | Noticed Terence
  3845 | D:3      | Killed Terence
  4038 | D:3      | Noticed Natasha
  4042 | D:3      | Killed Natasha
  4043 | D:3      | Reached XP level 7. HP: 49/53 MP: 0/0
  4043 | D:3      | Learned a level 2 spell: Passwall
  4295 | D:3      | Noticed Natasha
  4299 | D:3      | Killed Natasha
  4381 | D:3      | Found a runed translucent door.
  4382 | D:3      | Noticed Crazy Yiuf
  4402 | D:3      | Killed Crazy Yiuf
  4403 | D:3      | Reached skill level 5 in Spellcasting
  4636 | D:4      | Found a transporter.
  4915 | D:4      | Found an opulent altar of Gozag.
  4968 | D:4      | Found a transporter.
  4988 | D:4      | Reached skill level 5 in Fighting
  5175 | D:4      | Found Topam's Assorted Antiques.
  5297 | D:4      | Found a white marble altar of Elyvilon.
  5428 | D:5      | Entered Level 5 of the Dungeon
  5531 | D:5      | Reached XP level 8. HP: 49/61 MP: 0/0
  5777 | D:5      | Reached skill level 6 in Fighting
  6030 | D:5      | Noticed Pikel
  6042 | D:5      | Killed Pikel
  6043 | D:5      | Reached skill level 7 in Fighting
  6043 | D:5      | Reached XP level 9. HP: 18/68 MP: 0/0
  6043 | D:5      | Learned a level 4 spell: Flame Wave
  6400 | D:5      | Noticed Blork the orc
  6406 | D:5      | Killed Blork the orc
  6722 | D:6      | Found a staircase to the Ecumenical Temple.
  6735 | Temple   | Entered the Ecumenical Temple
  6822 | Temple   | Became a worshipper of Makhleb the Destroyer
  7263 | D:6      | Noticed Maggie
  7285 | D:6      | Killed Maggie
  7286 | D:6      | Reached skill level 8 in Fighting
  8557 | D:6      | Reached skill level 9 in Fighting
  8837 | D:6      | Found a blossoming altar of Fedhas.
  9125 | D:7      | You are sucked into a shaft and drop 2 floors!
  9140 | D:9      | Reached XP level 10. HP: 74/78 MP: 0/0
  9151 | D:9      | Reached * piety under Makhleb
  9170 | D:9      | Reached skill level 10 in Fighting
 10254 | D:7      | Reached ** piety under Makhleb
 10658 | D:8      | Identified a scroll of acquirement
 10658 | D:8      | Acquired a manual of Spellcasting
 11043 | D:8      | Reached skill level 11 in Fighting
 11043 | D:8      | Reached XP level 11. HP: 70/87 MP: 0/0
 11043 | D:8      | Learned a level 5 spell: Manifold Assault
 11451 | D:8      | Noticed Amaemon
 11559 | D:8      | Killed Amaemon
 11560 | D:8      | Reached skill level 10 in Spellcasting
 12467 | D:9      | Reached skill level 12 in Fighting
 13189 | D:9      | Found a staircase to the Lair.
 13600 | Lair:1   | Entered Level 1 of the Lair of Beasts
 13795 | Lair:1   | Found an ornate altar of the Wu Jian Council.
 13886 | Lair:1   | Reached *** piety under Makhleb
 14287 | Lair:1   | Reached XP level 12. HP: 82/96 MP: 0/0
 14778 | Lair:2   | Reached skill level 13 in Fighting
 14861 | Lair:2   | Identified the +11 rapier of Innocence {drain, rPois rC++
                  | Stlth+}
 14914 | Lair:2   | Noticed Urug
 14929 | Lair:2   | Killed Urug
 15497 | Lair:2   | Noticed Sonja
 15505 | Lair:2   | Killed Sonja
 15506 | Lair:2   | Reached skill level 1 in Shields
 15705 | Lair:2   | Reached **** piety under Makhleb
 15706 | Lair:2   | Reached skill level 14 in Fighting
 16272 | Lair:2   | You are sucked into a shaft and drop 1 floor!
 16656 | Lair:3   | Reached XP level 13. HP: 105/105 MP: 0/0
 16656 | Lair:3   | Learned a level 5 spell: Silence
 16767 | Lair:3   | Noticed an eight-headed hydra
 16767 | Lair:3   | Noticed Hoaxag's ghost (journeyman DrTm)
 16786 | Lair:3   | Noticed an eight-headed hydra
 16792 | Lair:3   | Noticed a four-headed hydra
 16844 | Lair:3   | Found a runed translucent gate.
 16844 | Lair:3   | Found a runed translucent gate.
 16844 | Lair:3   | Found a runed translucent gate.
 16899 | Lair:3   | Killed a four-headed hydra
 16899 | Lair:3   | Killed an eight-headed hydra
 16899 | Lair:3   | Killed an eight-headed hydra
 16921 | Lair:3   | Killed Hoaxag's ghost
 16930 | Lair:3   | Identified the amulet "Feib" {Spirit Int+4}
 17628 | Lair:4   | Reached skill level 15 in Fighting
 18008 | Lair:4   | Found a staircase to the Snake Pit.
 18337 | Lair:4   | Found a staircase to the Swamp.
 19160 | Lair:5   | Reached ***** piety under Makhleb
 19333 | Lair:5   | HP: 5/108 [death yak (9)]
 20088 | Lair:5   | Reached XP level 14. HP: 78/115 MP: 0/0
 20095 | Lair:5   | Reached skill level 16 in Fighting
 20464 | Lair:5   | Reached skill level 1 in Armour
 20469 | Lair:5   | Reached skill level 15 in Spellcasting
 20523 | Lair:6   | Entered Level 6 of the Lair of Beasts
 20864 | Lair:6   | Upgraded the game from 0.29-a0-830-gcb1280458a to
                  | 0.29-a0-837-g174bc33265
 20879 | Lair:6   | Reached skill level 5 in Dodging
 20949 | Lair:6   | Found a staircase to the Slime Pits.
 20949 | Lair:6   | Found a viscous altar of Jiyva.
 21226 | Lair:6   | Reached ****** piety under Makhleb
 21286 | Lair:6   | Reached XP level 15. HP: 122/122 MP: 0/0
 21286 | Lair:6   | Learned a level 6 spell: Conjure Ball Lightning
 21287 | Lair:6   | Reached skill level 5 in Armour
 21710 | Lair:6   | Reached skill level 17 in Fighting
 22539 | D:10     | Entered Level 10 of the Dungeon
 22659 | D:10     | Found a portal to a secret trove of treasure.
 22894 | D:10     | Noticed Lodul
 22952 | D:10     | Killed Lodul
 23943 | D:11     | Found Oplokate's Armour Boutique.
 24683 | D:12     | Found Daask's Weapon Shop.
 24740 | D:12     | Noticed Azrael
 24746 | D:12     | Killed Azrael
 24934 | D:12     | Noticed Fannar
 24947 | D:12     | HP: 4/124 [manticore/volley of spikes (10)]
 24959 | D:12     | Killed Fannar
 25139 | D:12     | Noticed Frances
 25146 | D:12     | Killed Frances
 25238 | D:12     | Reached XP level 16. HP: 130/130 MP: 0/0
 25261 | D:12     | Found a staircase to the Orcish Mines.
 25652 | Orc:1    | Entered Level 1 of the Orcish Mines
 25859 | Orc:2    | Entered Level 2 of the Orcish Mines
 25864 | Orc:2    | Found Wana's Distillery.
 25919 | Orc:2    | Found Atemymat's Antique Weapon Shop.
 25994 | Orc:2    | Found Gol Afeg's Weapon Shop.
 26021 | Orc:2    | Found a gate leading to a gauntlet.
 26032 | Gauntlet | Entered a Gauntlet
 26032 | Gauntlet | Found a transporter.
 26083 | Gauntlet | Found a transporter.
 26086 | Gauntlet | Found a transporter.
 26087 | Gauntlet | Found a transporter.
 26099 | Gauntlet | Found a transporter.
 26100 | Gauntlet | Found a transporter.
 26104 | Gauntlet | Found a transporter.
 26108 | Gauntlet | Found a transporter.
 26111 | Gauntlet | Found a transporter.
 26112 | Gauntlet | Found a transporter.
 26123 | Gauntlet | Found a transporter.
 26123 | Gauntlet | Found a transporter.
 26124 | Gauntlet | Found a transporter.
 26132 | Gauntlet | Found a transporter.
 26285 | Gauntlet | Identified the +0 pair of boots of Ono Tyuf {rPois Str+3}
 26307 | Gauntlet | Identified the +7 hand axe of Havoc {drain, Stlth+}
 26335 | Gauntlet | Identified the -2 hat of Myxun {rC- Int+2 Dex+2 Stlth+}
 26379 | Gauntlet | Identified the +6 arbalest of the Verdant God {elec, Drain
                  | Will+ Int+3}
 26379 | Gauntlet | Identified the +7 halberd of Peril {chaos, rF++ Will+}
 26398 | Gauntlet | Identified the +6 dagger "Xuppoom" {freeze, rF+ rC+ Int+3}
 26422 | Orc:2    | Shot with a bolt by an orc knight

Illustrated notes

Levels and vault maps discovered:
D:1:      dpeg_arrival_snail, layout_loops_corners,
          hellmonk_ecumenical_altar_inner_sanctum
D:2:      layout_loops_corners, uniq_sigmund
D:3:      minmay_angry_zag, layout_loops_ring, uniq_natasha, uniq_terence,
          uniq_crazy_yiuf_cottage, uniq_robin
D:4:      gammafunk_steamed_eel, layout_loops_ring, mainiacjoe_overflow_paths,
          nicolae_elyvilon_temple_path, serial_shops, nicolae_take_the_stairs,
          chequers_serial_rivers_micro_e
D:5:      layout_cave_pools, nicolae_vehumet_altar_sigil, dk_noncrumbling_4,
          uniq_blork_the_orc, uniq_pikel
D:6:      kennysheep_slugbush, layout_cave_pools, kiku_gazebo_garden_becter,
          mainiacjoe_overflow_chevrons, minmay_temple_entry_offerings,
          serial_bayou, serial_bayou_ford_a, serial_bayou_pond_e,
          serial_bayou_pond_a, serial_bayou_lake_a, serial_bayou_pond_a,
          dk_noncrumbling_3, uniq_maggie
D:7:      layout_basic
D:8:      layout_basic, uniq_amaemon
D:9:      layout_rooms, erik_lair_dragon, serial_aquarium,
          aquarium_bridge_square [aquarium_subvault_wall,
          aquarium_subvault_wall, aquarium_subvault_wall,
          aquarium_subvault_bridge], aquarium_window_1, aquarium_window_corner,
          aquarium_window_2, aquarium_view_2e, aquarium_pool_corner
D:10:     cheibrodos_statue_roulette, layout_cave_pools, enter_trove_5,
          lemuel_flame_loot_1, uniq_lodul
D:11:     layout_loops_corners, serial_shops, nicolae_shop_advertising_works
          [nicolae_subvault_shop_adworks]
D:12:     layout_stronghold, minmay_orc_entry_temple_small, serial_shops,
          nicolae_shop_stone, minmay_microvault, uniq_frances, uniq_azrael,
          uniq_fannar
Temple:   minmay_crystal_spiral_temple
Lair:1:   layout_cave_pods, basic_altar
Lair:2:   layout_loops_ring, uniq_sonja, uniq_urug
Lair:3:   layout_chaotic_city, gammafunk_ghost_split,
          nicolae_lair_run_with_the_wolves
Lair:4:   layout_big_grid, minmay_swamp_entry_eels, guppyfry_snake_entry_island
Lair:5:   layout_cave_shapes, st_stairs_4, grunt_megastairs_5
Lair:6:   hangedman_lair_caniforms_friends, layout_misc_corridors,
          guppyfry_lair_end_dragon, nicolae_slime_entry_slimehenge,
          serial_bayou, serial_bayou_pond_c, serial_bayou_shore_b,
          serial_bayou_pond_b, serial_bayou_shore_a, serial_bayou_pond_e,
          serial_bayou_pond_a, bobbens_dragon_lair_wall,
          infiniplex_staircase_pool_2, lemuel_fruit_fields
Orc:1:    layout_caves
Orc:2:    grunt_orc_community_town_hall, layout_caves,
          grunt_orc_community_big_house_2, grunt_orc_community_big_house_1,
          grunt_orc_community_house_3, grunt_orc_community_house_1,
          grunt_orc_community_house_3, grunt_orc_community_house_2,
          serial_shops, nicolae_square_shop, basic_altar, gauntlet_entry_generic

Skill      XL: |  1  2  3  4  5  6  7  8  9 10 11 12 13 14 15 16 |
---------------+-------------------------------------------------+-----
Fighting       | 1 2 3 4 5 7 9 11 12 14 15 16 17 | 17.7
Spellcasting   | 4 5 6 7 9 11 13 14 15 16 | 16.0
Shields        | 3 4 |  4.0
Armour         | 4 7 8 |  8.2
Dodging        | 6 8 9 |  9.3
Stealth        | |  1.5

Action                   |  1- 3 |  4- 6 |  7- 9 | 10-12 | 13-15 | 16-18 || total
-------------------------+-------+-------+-------+-------+-------+-------++-------
Melee: Hand axe          |    15 |     9 |       |       |       |       ||    24
       Whip              |       |       |       |    26 |    27 |     3 ||    56
Throw: Dart              |       |    13 |       |       |       |       ||    13
 Cast: Magic Dart        |    51 |    39 |   165 |   174 |   403 |     2 ||   834
       Searing Ray       |     2 |    13 |    25 |    15 |    11 |     2 ||    68
       Iskenderun's Myst |       |     2 |    18 |   158 |   351 |    90 ||   619
       Manifold Assault  |       |       |       |    11 |       |       ||    11
       Conjure Ball Ligh |       |       |       |       |     5 |     3 ||     8
  Use: Scroll            |       |       |       |    26 |     5 |     3 ||    34
       Potion            |       |       |       |       |     2 |       ||     2
 Stab: Sleeping          |     1 |       |       |       |       |       ||     1
       Invisible         |       |     1 |       |       |       |       ||     1
Armor: Robe              |     8 |     3 |    16 |    24 |    81 |    15 ||   147
Dodge: Dodged            |    14 |    29 |    54 |    79 |   115 |    25 ||   316
Block: Buckler           |       |       |       |     1 |    40 |    11 ||    52

Table legend: (Time is in decaauts)
 A = Elapsed time spent in this place.
 B = Non-inter-level travel time spent in this place.
 C = Inter-level travel time spent in this place.
 D = Time resting spent in this place.
 E = Time spent auto-exploring this place.
 F = Levels seen in this place.
 G = Mean time per level.
                   A        B        C        D        E       F      G
               +--------+--------+--------+--------+--------+-----+--------+
         Total |  26465 |  25178 |   1287 |   1762 |  19518 |  22 | 1203.0 |
       Dungeon |  16713 |  15915 |    798 |    907 |  13048 |  12 | 1392.8 |
        Temple |    146 |     82 |     64 |      0 |     69 |   1 |  146.0 |
          Lair |   8889 |   8499 |    390 |    855 |   6090 |   6 | 1481.5 |
  Orcish Mines |    341 |    306 |     35 |      0 |    105 |   2 |  170.5 |
      Gauntlet |    374 |    374 |      0 |      0 |    206 |   1 |  374.0 |
               +--------+--------+--------+--------+--------+-----+--------+

Top non-repeatable levels by time:
     D:6: 1927 daAuts
  Lair:4: 1823 daAuts
     D:8: 1797 daAuts
  Lair:2: 1726 daAuts
     D:9: 1690 daAuts
     D:2: 1673 daAuts
     D:1: 1617 daAuts
  Lair:6: 1587 daAuts
     D:5: 1572 daAuts
    D:12: 1487 daAuts
     D:3: 1349 daAuts
  Lair:3: 1290 daAuts
  Lair:5: 1262 daAuts
  Lair:1: 1199 daAuts
     D:7: 1147 daAuts
